 Dungeon Crawl Stone Soup version 0.21.1-1-g345015fe64 (webtiles) character file.

4384 juzbaz the Fighter (level 10, -5/94 HPs)
             Began as a Minotaur Berserker on July 23, 2018.
             Was a High Priest of Trog.
             Slain by a death yak (24 damage)
             ... on level 8 of the Dungeon.
             The game lasted 00:40:43 (7842 turns).

juzbaz the Fighter (Minotaur Berserker)             Turns: 7842, Time: 00:40:43

Health: -5/94      AC:  9    Str: 24    XL:     10   Next: 13%
Magic:  9/9        EV: 12    Int:  5    God:    Trog [*****.]
Gold:   347        SH:  0    Dex: 10    Spells: 9/9 levels left

rFire    . . .     SeeInvis +   p - +1 hand axe (flame)
rCold    . . .     Gourm    .   (no shield)
rNeg     . . .     Faith    +   x - +2 leather armour {MR+}
rPois    .         Spirit   .   (helmet restricted)
rElec    .         Reflect  .   t - +2 cloak
rCorr    .         Harm     .   (no gloves)
MR       +....                  (no boots)
Stlth    +.........             m - amulet of faith
HPRegen  0.25/turn              l - ring of see invisible
MPRegen  0.11/turn              (no ring)

@: berserk cooldown, very slightly contaminated, slowed, very slow
A: retaliatory headbutt, horns 2
a: Berserk, Trog's Hand, Brothers in Arms, Burn Spellbooks, Renounce Religion


You were on level 8 of the Dungeon.
You worshipped Trog.
Trog was extremely pleased with you.
You were hungry.

You visited 1 branch of the dungeon, and saw 8 of its levels.
You also visited: Sewer.

You collected 347 gold pieces.

Inventory:

Hand Weapons
 p - a +1 hand axe of flaming (weapon)
 y - a +3 flail of holy wrath
 E - a cursed +4 morningstar
Missiles
 e - 229 stones (quivered)
 C - 5 tomahawks
Armour
 b - a +0 animal skin
 i - a +1 plate armour
 t - a +2 cloak (worn)
 x - a +2 leather armour of magic resistance (worn)
Jewellery
 a - an uncursed ring of ice
 l - a ring of see invisible (left hand)
 m - an amulet of faith (around neck)
 D - a +2 amulet of reflection {unknown}
 G - an uncursed ring of fire {unknown}
Wands
 f - a wand of paralysis (2)
 u - a wand of random effects (17)
 v - a wand of digging (12)
 A - a wand of flame (25)
Scrolls
 d - a scroll of enchant armour
 h - 2 scrolls of random uselessness
 j - 4 scrolls of remove curse
 o - a scroll of teleportation
 B - a scroll of blinking
 F - 2 scrolls of identify
Potions
 g - a potion of flight
 k - 3 potions of curing
 n - 2 potions of berserk rage
 q - 4 potions of heal wounds
 r - a potion of brilliance {unknown}
 s - 3 potions of resistance
 z - a potion of mutation {unknown}
Books
 w - a book of Spatial Translocations

   Spells                             Type                      Level
   a - Blink                          Translocation                2
   b - Shroud of Golubria             Charms/Translocation         2
   c - Lesser Beckoning               Translocation                3
   d - Gell's Gravitas                Translocation                3
   e - Teleport Other                 Translocation                3
   f - Passage of Golubria            Translocation                4
   Trog disapproves of the use of such an item.
Comestibles
 c - 10 rations
 H - 5 chunks of flesh


   Skills:
 + Level 10.9 Fighting
 + Level 10.9 Axes
 + Level 10.2 Armour
 - Level 2.1 Dodging


You had 9 spell levels left.
You didn't know any spells.

Dungeon Overview and Level Annotations

Branches:
Dungeon (8/15)             Temple (0/1) D:5
   Lair: D:8-11

Altars:
Ashenzari
Elyvilon
Fedhas
Gozag
Hepliaklqana
Okawaru
Qazlal
Uskayaw
Xom
Yredelemnul
Zin
The Shining One

Shops:
D:4 (


Innate Abilities, Weirdness & Mutations

You reflexively headbutt those who attack you in melee.
You have a pair of horns on your head.


Message History

You hit the quokka. You burn the quokka.
You feel the power of Trog in you as your rage grows.
You kill the quokka!
Trog accepts your kill.
You are too berserk!
You feel a strong urge to attack something.
You feel your anger nearly subside.
You are no longer berserk.
You are exhausted.
You feel yourself slow down.
Evoke which item? (* to show all) (? for menu, Esc to quit)
Aiming: Paralyse
Press: ? - help, Shift-Dir - straight line, f - death yak
Aim: a death yak (chance to defeat MR: 1%)
Okay, then.
Blink to where?
Press: ? - help, Dir - move target cursor You are very lightly contaminated with residual magic.
As you read the scroll of blinking, it crumbles to dust.
The death yak gores you!!
You die...

##...####.........#
...
#.......'.........+
...
##...####.........#
(#. #..##
##.......# .#.
##.## ##.....## .#
#..# ##...## ##
#.## ##'## #.# #.#
#.# #@# #.# ##Y##
#.# ##.Z.## #.#
#.....# #.# ##[..##
# #.#
#####r####r##...
###
#......§YZrr....
#####.####.#....
#.# # .


You could see a death yak, a hell rat and a hound zombie.

Vanquished Creatures
  2 death yaks (D:8)
  Pikel (D:5)
  Menkaure (D:6)
  Edmund (D:5)
  Duvessa (D:5)
  An orc warrior (D:6)
  2 slaves (D:5)
  An ice beast (D:3)
  2 sky beasts (D:5)
  A black bear (D:6)
  A centaur (D:5)
  An ogre (D:4)
  4 bullfrogs
  2 wyvern skeletons
  3 wights (D:6)
  2 howler monkeys (D:7)
  2 crimson imps
  2 centaur zombies
  A jelly (D:8)
  2 hounds
  4 orc priests
  6 orc wizards
  A bullfrog skeleton (D:4)
  Ijyb (D:5)
  2 iguanas
  4 worker ants
  A hound zombie (D:6)
  A hound skeleton (D:5)
  4 gnolls
  8 adders
  A shadow imp (D:7)
  9 oozes
  An adder zombie (D:5)
  An adder skeleton (D:4)
  A dart slug (D:2)
  11 leopard geckos
  20 orcs
  13 ball pythons
  19 giant cockroaches
  5 hobgoblins
  11 jackals
  5 kobolds
  2 quokkas
  10 bats
  14 frilled lizards
  5 goblins
  7 rats
200 creatures vanquished.

Vanquished Creatures (collateral kills)
  Prince Ribbit (D:6)
1 creature vanquished.

Vanquished Creatures (others)
  Dowan (D:5)
  A giant cockroach (D:5)
2 creatures vanquished.

Grand Total: 203 creatures vanquished

Notes
Turn   | Place    | Note
-------+----------+-------------------------------------------
     0 | D:1      | juzbaz the Minotaur Berserker began the quest for the Orb.
     0 | D:1      | Reached XP level 1. HP: 19/19 MP: 0/0
   319 | D:1      | Reached XP level 2. HP: 26/27 MP: 1/1
   765 | D:1      | Reached ** piety under Trog
   909 | D:2      | Reached XP level 3. HP: 34/34 MP: 2/2
  1388 | D:2      | Found an iron altar of Okawaru.
  1749 | D:3      | Noticed an ice beast
  2188 | D:4      | Reached XP level 4. HP: 33/41 MP: 3/3
  2283 | D:3      | Reached skill level 5 in Fighting
  2354 | D:3      | Reached skill level 5 in Axes
  2889 | D:3      | Killed an ice beast
  2889 | D:3      | Reached XP level 5. HP: 48/48 MP: 4/4
  2951 | D:3      | Reached *** piety under Trog
  3400 | D:4      | Noticed an ogre
  3511 | D:4      | Found Weimoh's Antique Weapon Shop.
  3541 | D:4      | Killed an ogre
  3541 | D:4      | Reached XP level 6. HP: 50/57 MP: 5/5
  3619 | D:4      | Found a blossoming altar of Fedhas.
  3887 | D:4      | Reached skill level 5 in Armour
  3997 | D:5      | Entered Level 5 of the Dungeon
  3997 | D:5      | Noticed Ijyb
  4004 | D:5      | Paralysed by Ijyb for 2 turns
  4017 | D:5      | Killed Ijyb
  4042 | D:5      | Noticed a slave
  4042 | D:5      | Noticed a slave
  4042 | D:5      | Noticed a slave
  4043 | D:5      | Noticed Pikel
  4043 | D:5      | Noticed a slave
  4043 | D:5      | Noticed Edmund
  4053 | D:5      | Killed Edmund
  4053 | D:5      | Reached XP level 7. HP: 64/64 MP: 6/6
  4078 | D:5      | Killed Pikel
  4078 | D:5      | Reached XP level 8. HP: 51/74 MP: 7/7
  4095 | D:5      | Noticed Duvessa
  4096 | D:5      | Noticed Dowan
  4115 | D:5      | Killed Duvessa
  4118 | D:5      | Killed Dowan
  4296 | D:5      | Found a glowing drain.
  4304 | Sewer    | Entered a sewer
  4425 | Sewer    | Reached **** piety under Trog
  4625 | Sewer    | Reached ***** piety under Trog
  4750 | D:5      | Found a hazy altar of Hepliaklqana.
  5351 | D:5      | Found a staircase to the Ecumenical Temple.
  5460 | D:6      | Reached XP level 9. HP: 83/83 MP: 8/8
  5727 | D:6      | Noticed Prince Ribbit
  5746 | D:6      | Killed Prince Ribbit
  5982 | D:6      | Found a basalt altar of Yredelemnul.
  6032 | D:6      | Noticed Menkaure
  6070 | D:6      | Killed Menkaure
  6455 | D:6      | Found a stormy altar of Qazlal.
  6542 | D:6      | Found a hide-covered altar of Uskayaw.
  6812 | D:7      | Found a glowing golden altar of the Shining One.
  6812 | D:7      | Found a glowing silver altar of Zin.
  6812 | D:7      | Found a white marble altar of Elyvilon.
  6911 | D:7      | Reached skill level 10 in Fighting
  6911 | D:7      | Reached skill level 10 in Axes
  7297 | D:7      | Found a shimmering altar of Xom.
  7297 | D:7      | Found a shimmering altar of Xom.
  7299 | D:7      | Found a shimmering altar of Xom.
  7300 | D:7      | Found a shimmering altar of Xom.
  7300 | D:7      | Found a shimmering altar of Xom.
  7558 | D:7      | Found an opulent altar of Gozag.
  7558 | D:7      | Found a shattered altar of Ashenzari.
  7807 | D:8      | Noticed a death yak
  7811 | D:8      | Noticed a death yak
  7813 | D:8      | Noticed a death yak
  7824 | D:8      | Killed a death yak
  7830 | D:8      | Killed a death yak
  7830 | D:8      | Reached skill level 10 in Armour
  7830 | D:8      | Reached XP level 10. HP: 23/94 MP: 9/9
  7842 | D:8      | Slain by a death yak

Skill      XL: |  1  2  3  4  5  6  7  8  9 |
---------------+----------------------------+-----
Fighting       | 4 5 6 7 9 10 | 10.9
Axes           | 4 5 6 7 9 10 | 10.9
Armour         | 3 4 5 6 8 10 | 10.2
Dodging        | |  2.1

Action                   |  1- 3 |  4- 6 |  7- 9 | 10-12 || total
-------------------------+-------+-------+-------+-------++-------
Melee: Hand axe          |    87 |   111 |   318 |     2 ||   518
       Headbutt          |    16 |    21 |    70 |       ||   107
Throw: Stone             |    37 |     7 |    17 |       ||    61
Invok: Burn Spellbooks   |       |     1 |       |       ||     1
       Trog's Hand       |       |     1 |     4 |       ||     5
       Berserk           |       |       |     2 |       ||     2
       Brothers in Arms  |       |       |     1 |       ||     1
Evoke: Wand              |       |     3 |     7 |       ||    10
  Use: Scroll            |       |     7 |     4 |     1 ||    12
 Stab: Paralysed         |       |     7 |       |       ||     7
  Eat: Chunk             |     4 |     6 |    12 |       ||    22
       Ration            |       |       |     1 |       ||     1
Armor: Animal skin       |    17 |       |       |       ||    17
       Plate armour      |    19 |    60 |       |       ||    79
       Leather armour    |       |       |    95 |       ||    95
Dodge: Dodged            |    51 |    34 |   160 |       ||   245
